 Dungeon Crawl Stone Soup version 0.31-a0-210-gccc998df9b (webtiles) character file.

Game seed: 5638450790033507017

93 Ijustatesigmund the Stinger (level 4, 0/29 HPs)
             Began as an Octopode Venom Mage on June 29, 2023.
             Succumbed to Crazy Yiuf's poison
             ... on level 2 of the Dungeon.
             The game lasted 00:04:16 (1561 turns).

Ijustatesigmund the Stinger (Octopode Venom Mage)   Turns: 1561, Time: 00:04:17

Health: 0/29       AC:  1    Str:  7    XL:     4   Next: 61%
Magic:  3/8        EV: 18    Int: 19    God:
Gold:   81         SH:  0    Dex: 12    Spells: 2/8 levels left

rFire   . . .        b - +0 hand axe
rCold   . . .        (no shield)
rNeg    . . .        (helmet restricted)
rPois   .            (no amulet)
rElec   .            c - ring of resist corrosion
rCorr   +            f - +5 ring of evasion
SInv    .            (no ring)
Will    .....        (no ring)
Stlth   +++          (no ring)
HPRegen 0.24/turn    (no ring)
MPRegen 0.11/turn    (no ring)
                     (no ring)

%: no passive effects
@: lethally poisoned (0 -> -12)
A: almost no armour, amphibious, 8 rings, camouflage 1, gelatinous body 1,
(nimble swimmer 1), tentacles
a: no special abilities


You were on level 2 of the Dungeon.
You visited 1 branch of the dungeon, and saw 2 of its levels.

You collected 81 gold pieces.

Inventory:

Hand Weapons
 b - a +0 hand axe (weapon)
Jewellery
 c - a ring of resist corrosion (left tentacle)
 f - a +5 ring of evasion (right tentacle)
Scrolls
 d - 3 scrolls of silence
 e - a scroll of immolation
Potions
 a - 2 potions of magic
 i - a potion of brilliance
 j - a potion of cancellation
 l - 2 potions of might


   Skills:
 + Level 1.8 Fighting
 - Level 2.0 Dodging
 - Level 2.6 Stealth
 + Level 2.7 Spellcasting
 + Level 0.4 Conjurations
 - Level 1.0 Transmutations
 + Level 1.5 Air Magic
 + Level 4.4 Poison Magic


You had 2 spell levels left.
You knew the following spells:

 Your Spells              Type           Power      Damage    Failure   Level
a - Sting                 Tmut/Pois      52%        1d5       4%          1
b - Poisonous Vapours     Pois/Air       28%        N/A       7%          2
c - Mephitic Cloud        Conj/Pois/Air  10%        N/A       21%         3

Your spell library contained the following spells:

 Spells                   Type           Power      Damage    Failure   Level
 Passwall                 Tmut/Erth      3%         N/A       19%         2
 Ensorcelled Hibernation  Hex/Ice        4%         N/A       24%         2
 Scorch                   Fire           4%         2d5       24%         2
 Olgreb's Toxic Radiance  Pois           19%        N/A       24%         4
 Swiftness                Air            8%         N/A       26%         3
 Flame Wave               Conj/Fire      3%         2d5       82%         4
 Summon Cactus Giant      Summ           1%         N/A       100%        6


Dungeon Overview and Level Annotations

Branches:
Dungeon (2/15)

Altars:

Shops:
D:2 =


Innate Abilities, Weirdness & Mutations

You cannot wear most types of armour.
You are amphibious.
You can wear up to eight rings at the same time.
Your skin changes colour to match your surroundings (Stealth+).
Your rubbery body absorbs attacks. (AC +1, EV +1)
((You are camouflaged when in or above water. (Stealth+)))
You have tentacles for arms and can constrict up to eight enemies at once.


Message History

The spell is quite dangerous to miscast (22% risk of failure)!
Continue anyway?
Aiming: Mephitic Cloud (quite dangerous; 22% risk of failure)
Press: ? - help, Shift-Dir - straight line, f - Crazy Yiuf
Aim: Crazy Yiuf, wielding a +4 quarterstaff of chaos and wearing a +2 cloak (asleep, chance to affect: 86%)
The ball explodes into a vile cloud!
The stinking cloud engulfs Crazy Yiuf but does no damage.
Crazy Yiuf shouts!
Crazy Yiuf is engulfed in noxious fumes.
Crazy Yiuf appears confused.
Casting: Mephitic Cloud (quite dangerous; 22% risk of failure)
Confirm with . or Enter, or press ? or * to list all spells.
Aiming: Poisonous Vapours (safe; 8% risk of failure)
Press: ? - help, Dir - move target, f/p - Crazy Yiuf
Aim: Crazy Yiuf, wielding a +4 quarterstaff of chaos and wearing a +2 cloak (noxious fumes, confused) Poisonous vapours surround Crazy Yiuf!
Crazy Yiuf is poisoned.
Crazy Yiuf is engulfed in noxious fumes.
Crazy Yiuf appears confused.
Crazy Yiuf completely misses himself.
No reachable target in view!
No reachable target in view!
No reachable target in view!
No reachable target in view!
Crazy Yiuf is engulfed in noxious fumes.
Crazy Yiuf appears confused.
There is an open translucent door here.
Crazy Yiuf looks more healthy.
Crazy Yiuf misses you.
You hit Crazy Yiuf. You grab Crazy Yiuf.
Crazy Yiuf is moderately wounded.
You constrict Crazy Yiuf, but do no damage.
Crazy Yiuf hits you with a +4 quarterstaff of chaos!
Ouch! That really hurt!
You are lethally poisoned!
Crazy Yiuf hits himself with a +4 quarterstaff of chaos!
Crazy Yiuf freezes himself.
You hit Crazy Yiuf but do no damage. You squeeze Crazy Yiuf.
You kill Crazy Yiuf!
* * * LOW HITPOINT WARNING * * *
You feel extremely sick.
Okay, then.
* * * LOW HITPOINT WARNING * * *
You feel very sick.
You die...

....## ##.###
♣♣.♣♣
.....###....#
♣♣.♣
#....!†.....#
♣.♣♣
######.######
♣♣.♣ ## #.#
♣.♣♣ .## #.#
##'## #.##
#.# #...#
##.# #.#
#...# #.##
#.# #@..#
..####.#
#####
.......#
#.###### #.#
#.# #.# ..#
###


There were no monsters in sight!

Vanquished Creatures
  Crazy Yiuf (D:2)
  2 adders (D:2)
  2 dart slugs (D:1)
  3 bats
  An endoplasm (D:2)
  A giant cockroach (D:1)
  6 goblins
  6 hobgoblins
  3 quokkas
  6 ball pythons
  4 frilled lizards
  4 kobolds
  2 rats
41 creatures vanquished.

Notes
Turn   | Place    | Note
-------+----------+-------------------------------------------
     0 | D:1      | Ijustatesigmund the Octopode Venom Mage began the quest for
                  | the Orb.
     0 | D:1      | Reached XP level 1. HP: 11/11 MP: 3/3
   202 | D:1      | Reached XP level 2. HP: 13/18 MP: 5/5
   346 | D:1      | Learned a level 2 spell: Poisonous Vapours
   545 | D:1      | Reached skill level 4 in Poison Magic
   608 | D:1      | Reached skill level 1 in Fighting
   686 | D:1      | Reached XP level 3. HP: 23/23 MP: 6/6
   710 | D:1      | Found a faded altar of an unknown god.
  1037 | D:2      | Reached skill level 1 in Air Magic
  1247 | D:2      | Found Nasod's Jewellery Shop.
  1410 | D:2      | Reached XP level 4. HP: 19/28 MP: 7/7
  1435 | D:2      | Learned a level 3 spell: Mephitic Cloud
  1548 | D:2      | Found a runed translucent door.
  1549 | D:2      | Noticed Crazy Yiuf
  1559 | D:2      | Killed Crazy Yiuf
  1561 | D:2      | Succumbed to Crazy Yiuf's poison

Illustrated notes

Levels and vault maps discovered:
D:1:      dpeg_arrival_water_temple_mockup, layout_basic, basic_ecumenical_altar
D:2:      layout_loops_ring, serial_shops, shop, uniq_crazy_yiuf_cottage

Skill      XL: |  1  2  3 |
---------------+----------+-----
Poison Magic   | 4 |  4.4
Fighting       | 1 |  1.8
Air Magic      | 1 |  1.5
Dodging        | |  2.0
Stealth        | |  2.6
Spellcasting   | |  2.7
Conjurations   | |  0.4
Transmutations | |  1.0

Action                     |  1- 3 |  4- 6 || total
---------------------------+-------+-------++-------
  Melee: Short sword       |    45 |       ||    45
         Constrict         |    17 |     3 ||    20
         Tentacles         |    13 |     4 ||    17
         Hand axe          |    36 |    11 ||    47
   Cast: Sting             |     4 |       ||     4
         Poisonous Vapours |     5 |     1 ||     6
         Mephitic Cloud    |       |     1 ||     1
    Use: Scroll            |     2 |     6 ||     8
   Stab: Sleeping          |     3 |     1 ||     4
 Armour: Skin              |     5 |     1 ||     6
  Dodge: Dodged            |    52 |     7 ||    59

Table legend: (Time is in decaauts)
 A = Elapsed time spent in this place.
 B = Non-inter-level travel time spent in this place.
 C = Inter-level travel time spent in this place.
 D = Time resting spent in this place.
 E = Time spent auto-exploring this place.
 F = Levels seen in this place.
 G = Mean time per level.
                   A        B        C        D        E       F      G
               +--------+--------+--------+--------+--------+-----+--------+
         Total |   1572 |   1541 |     31 |    328 |    914 |   2 |  786.0 |
       Dungeon |   1572 |   1541 |     31 |    328 |    914 |   2 |  786.0 |
               +--------+--------+--------+--------+--------+-----+--------+

Top non-repeatable levels by time:
     D:1: 998 daAuts
     D:2: 574 daAuts
